 Dungeon Crawl Stone Soup version 0.23.1 (webtiles) character file.

Game seed: 17250798492395761578

51454 Kairos the Cleaver (level 14, -6/82 HPs)
             Began as a Vine Stalker Fighter on Mar 5, 2019.
             Was the Champion of Okawaru.
             Mangled by a black mamba (10 damage)
             ... on level 6 of the Lair of Beasts.
             The game lasted 00:39:33 (14833 turns).

Kairos the Cleaver (Vine Stalker Fighter)          Turns: 14833, Time: 00:39:34

Health: -6/82      AC:  5    Str: 28    XL:     14   Next: 59%
Magic:  0/16       EV: 11    Int: 11    God:    Okawaru [******]
Gold:   863        SH: 19    Dex: 11    Spells: 13/13 levels left

rFire    + + .     SeeInvis +   E - +5 war axe of War {chop, rF- rC+++ Dex-4 SInv}
rCold    + + .     Gourm    +   S - +2 shield
rNeg     . . .     Faith    .   a - +1 fire dragon scales
rPois    +         Spirit   +   G - +1 hat {Int+3}
rElec    .         Reflect  .   j - scarf {cloud immunity}
rCorr    .         Harm     .   H - +0 pair of gloves {Str+3}
MR       +....                  L - +2 pair of boots {Fly}
Stlth    ..........             l - amulet of the gourmand
HPRegen  1.03/turn              K - ring of protection from fire
MPRegen  0.15/turn              w - +2 ring of strength

@: finesse, corroded, flying, very slightly contaminated
A: fangs 3, talons 1, large bone plates 1, poison resistance, regeneration 2,
robust 1, magic shield, antimagic bite, no potion heal 3, rot immunity
a: Heroism, Finesse, Renounce Religion, Stop Flying


You were on level 6 of the Lair of Beasts.
You worshipped Okawaru.
Okawaru was exalted by your worship.
You were not hungry.

You visited 3 branches of the dungeon, and saw 17 of its levels.
You also visited: Volcano.

You collected 1143 gold pieces.
You spent 280 gold pieces at shops.

Inventory:

Hand Weapons
 m - a +6 flail of draining
 E - the +5 war axe of War (weapon) {chop, rF- rC+++ Dex-4 SInv}
   (You bought it in a shop on level 5 of the Dungeon)

   It inflicts extra damage upon your enemies.
   It affects your dexterity (-4).
   It makes you vulnerable to fire.
   It renders you almost immune to cold.
   It lets you see invisible.
 J - a +1 hand axe of electrocution
 R - a +0 morningstar of flaming
 V - a +1 antimagic broad axe
Missiles
 d - 21 tomahawks (quivered)
Armour
 a - +1 fire dragon scales (worn)
 j - a scarf of cloud immunity (worn)
 t - a +4 chain mail of cold resistance
 x - a scarf of repulsion
 z - a +3 plate armour of fire resistance
 G - a +1 hat of intelligence (worn)
 H - a +0 pair of gloves of strength (worn)
 L - a +2 pair of boots of flying (worn)
 S - a +2 shield (worn)
 X - a +1 chain mail of fire resistance
Jewellery
 l - an amulet of the gourmand (around neck)
 w - a +2 ring of strength (right hand)
 D - an uncursed ring of see invisible
 K - a ring of protection from fire (left hand)
 P - an uncursed ring of poison resistance
Wands
 v - a wand of random effects (22)
 F - a wand of flame (41)
 I - a wand of digging (18)
 T - a wand of iceblast (9)
 Y - a wand of acid (6)
Scrolls
 g - 2 scrolls of fog
 i - a scroll of identify
 k - 4 scrolls of teleportation
 n - 5 scrolls of remove curse
 o - 3 scrolls of magic mapping
 y - 2 scrolls of enchant weapon
 A - 6 scrolls of amnesia
 B - 2 scrolls of immolation
 M - a scroll of summoning
 N - a scroll of holy word
 U - a scroll of silence {unknown}
 W - a scroll of fear
Potions
 b - 2 potions of brilliance {unknown}
 c - 4 potions of resistance
 e - a potion of flight {unknown}
 h - a potion of magic
 p - 3 potions of invisibility {unknown}
 q - 3 potions of haste
 r - 3 potions of berserk rage {unknown}
 s - a potion of might
 u - 7 potions of mutation
 C - 8 potions of curing
 O - 2 potions of agility {unknown}
 Q - 2 potions of lignification
Comestibles
 f - 40 rations


   Skills:
 + Level 9.5 Fighting
 + Level 14.1(14.3) Axes
 + Level 4.1(10.2) Maces & Flails
 + Level 7.6 Armour
 + Level 3.2 Dodging
 + Level 2.0 Stealth
 + Level 12.2 Shields
 + Level 2.6 Invocations
 + Level 1.2 Evocations


You had 13 spell levels left.
You didn't know any spells.
Your spell library contained the following spells:

 Spells                   Type           Power        Failure   Level  Hunger
 Animate Skeleton         Necr           N/A          75%         1    ##.....
 Confusing Touch          Hex            #.....       75%         1    ##.....
 Pain                     Necr           #...         75%         1    ##.....
 Shock                    Conj/Air       #...         75%         1    ##.....
 Summon Small Mammal      Summ           #...         75%         1    ##.....
 Call Imp                 Summ           #.......     86%         2    ###....
 Swiftness                Chrm/Air       #.......     86%         2    ###....
 Call Canine Familiar     Summ           #.......     98%         3    ####...
 Confuse                  Hex            #.......     98%         3    ####...
 Gell's Gravitas          Tloc           #.........   98%         3    ####...
 Regeneration             Chrm/Necr      #.........   98%         3    ####...
 Static Discharge         Conj/Air       #.......     98%         3    ####...
 Summon Guardian Golem    Hex/Summ       #.......     98%         3    ####...
 Vampiric Draining        Necr           #.........   98%         3    ####...
 Airstrike                Air            #.........   100%        4    #####..
 Animate Dead             Necr           N/A          100%        4    #####..
 Petrify                  Tmut/Erth      #.......     100%        4    #####..
 Summon Ice Beast         Ice/Summ       #.......     100%        4    #####..
 Summon Lightning Spire   Summ/Air       #.......     100%        4    #####..
 Lightning Bolt           Conj/Air       #.........   100%        5    ######.
 Metabolic Englaciation   Hex/Ice        #.........   100%        5    ######.
 Yara's Violent Unravell  Hex/Tmut       #.........   100%        5    ######.


Dungeon Overview and Level Annotations

Branches:
Dungeon (10/15)            Temple (1/1) D:7            Lair (6/6) D:10
  Swamp (0/4) Lair:3       Spider (0/4) Lair:3        Slime (0/5) Lair:6
    Orc: D:9-12

Altars:
Ashenzari
Cheibriados
Elyvilon
Fedhas
Gozag
Hepliaklqana
Kikubaaqudgha
Makhleb
Okawaru
Qazlal
Sif Muna
Trog
Uskayaw
Wu Jian
Xom
Yredelemnul
Zin
The Shining One

Shops:
D:5 *   D:8 !   D:9 :

Annotations:
D:7 3 runed translucent doors, DungeonDestroyer's ghost, novice MiFi


Innate Abilities, Weirdness & Mutations

You have razor-sharp teeth.
You heal very quickly.
When hurt, damage is shared between your health and your magic reserves.
Your bite disrupts and absorbs the magic of your enemies.
Potions cannot restore your health.
You are immune to rotting.
You have sharp toenails.
You are partially covered in large bone plates. (SH +4)
Your system is resistant to poisons. (rPois)
You are robust. (+10% HP)


Message History

Unknown command.
You hit the yak but do no damage. Your bite misses the yak.
The yak is severely wounded.
You miss the black mamba. You hit the yak.
The yak is almost dead.
You miss the black mamba. The black mamba barely misses you.
You block the yak's attack.
Unknown command.
You hit the yak but do no damage. You bite the yak, but do no damage.
The yak is severely wounded.
Your shield prevents you from hitting the black mamba.
You block the black mamba's attack.
Unknown command.
You hit the yak but do no damage. You bite the yak, but do no damage.
The yak is severely wounded.
You hit the black mamba. The yak gores you.
* * * LOW HITPOINT WARNING * * *
The black mamba bites you!
You die...

..##.....
........ ..
......PP.#.
.^.tPP....
#....P.. .#
##.YYP.# #
....#.P$...##...
.......YYS......
.......†@.......
................
................
≈♣.........P....
....###...P##.##
≈... #....# .#
.♣. ...... .
....P#.


You could see a black mamba, 4 yaks and a crocodile.

Vanquished Creatures
  Rupert (Lair:5)
  Gastronok (D:8)
  An entropy weaver (Lair:6)
  A fire dragon (Volcano)
  5 hydras
  2 two-headed ogres (Volcano)
  An anaconda (shapeshifter) (D:10)
  An ogre mage (D:10)
  2 death yaks (Lair:5)
  Urug (Lair:4)
  Sonja (Lair:4)
  2 fire crabs (Lair:4)
  3 salamanders (Volcano)
  2 elephants (Lair:3)
  4 black mambas
  8 spiny frogs
  2 torpor snails
  A komodo dragon (Lair:4)
  An efreet (D:10)
  3 rime drakes
  A queen bee (Lair:3)
  3 trolls (D:10)
  A polar bear (Lair:4)
  3 blink frogs (Lair:6)
  A bog body (Lair:3)
  12 hippogriffs
  A vampire (D:10)
  A fire elemental (Lair:4)
  47 yaks
  8 fire bats
  3 wyverns (Volcano)
  4 hogs (D:9)
  A human (D:9)
  5 basilisks
  2 hungry ghosts
  4 steam dragons (Volcano)
  Edmund (D:6)
  Menkaure (D:6)
  4 soldier ants (Lair:6)
  2 swamp worms (Lair:3)
  A hell hound (Lair:4)
  2 orc warriors
  7 porcupines
  16 water moccasins
  3 ice beasts
  4 black bears
  3 sky beasts
  2 necrophages
  9 ogres
  3 phantoms
  26 wolves
  5 centaurs
  21 crocodiles
  16 bullfrogs
  A scorpion (D:9)
  37 killer bees
  8 wights
  An electric eel (Lair:3)
  A howler monkey (D:5)
  4 bullfrog zombies
  7 crimson imps
  3 quasits
  A centaur zombie (D:5)
  5 jellies
  4 hounds
  2 orc priests (D:3)
  Crazy Yiuf (D:6)
  5 orc wizards
  3 centaur skeletons
  Terence (D:2)
  19 worker ants
  A hound zombie (D:9)
  A hound skeleton (D:10)
  A worker ant zombie (D:9)
  A howler monkey skeleton (D:6)
  6 gnolls
  19 adders
  3 shadow imps
  2 oozes
  2 worms
  10 leopard geckos
  40 orcs
  6 bats
  5 giant cockroaches
  9 hobgoblins
  7 jackals
  6 quokkas
  A ball python (D:2)
  5 frilled lizards
  13 goblins
  A jackal skeleton (D:7)
  13 kobolds
  A leopard gecko skeleton (D:8)
  9 rats
  A butterfly (D:4)
  3 fungi
  9 plants
544 creatures vanquished.

Vanquished Creatures (others)
  A fungus (Lair:3)
  5 plants (Volcano)
6 creatures vanquished.

Grand Total: 550 creatures vanquished

Notes
Turn   | Place    | Note
-------+----------+-------------------------------------------
     0 | D:1      | Kairos the Vine Stalker Fighter began the quest for the
                  | Orb.
     0 | D:1      | Reached XP level 1. HP: 11/11 MP: 2/2
   254 | D:1      | Reached skill level 2 in Axes
   255 | D:1      | Reached XP level 2. HP: 16/16 MP: 1/3
   947 | D:2      | Found a stormy altar of Qazlal.
   979 | D:2      | Reached XP level 3. HP: 13/19 MP: 4/4
  1104 | D:2      | Noticed Terence
  1120 | D:2      | Killed Terence
  1192 | D:2      | Gained mutation: Your natural rate of healing is unusually
                  | fast. [Vine Stalker growth]
  1192 | D:2      | Reached XP level 4. HP: 17/23 MP: 5/5
  1245 | D:2      | Found a white marble altar of Elyvilon.
  1401 | D:2      | Found a hazy altar of Hepliaklqana.
  1401 | D:2      | Found a snail-covered altar of Cheibriados.
  1734 | D:3      | Noticed a centaur
  1873 | D:3      | Killed a centaur
  1873 | D:3      | Reached skill level 3 in Axes
  1873 | D:3      | Reached XP level 5. HP: 27/28 MP: 4/6
  2058 | D:3      | Found a basalt altar of Yredelemnul.
  2108 | D:3      | HP: 1/28 [orc priest/nerve-wracking pain (7)]
  2170 | D:3      | Gained mutation: You are partially covered in large bone
                  | plates. (SH +4) [potion of mutation]
  2170 | D:3      | Gained mutation: You are robust. (+10% HP) [potion of
                  | mutation]
  2170 | D:3      | Gained mutation: You have sharp toenails. [potion of
                  | mutation]
  2170 | D:3      | Gained mutation: Your system is resistant to poisons.
                  | (rPois) [potion of mutation]
  2213 | D:3      | Reached XP level 6. HP: 35/35 MP: 7/7
  2243 | D:3      | Found a faded altar of an unknown god.
  2458 | D:3      | Found an opulent altar of Gozag.
  2680 | D:4      | Found a shimmering altar of Xom.
  2693 | D:4      | Reached skill level 4 in Axes
  2702 | D:4      | Noticed an orc warrior
  3021 | D:4      | Reached XP level 7. HP: 39/39 MP: 8/8
  3401 | D:4      | Reached skill level 5 in Axes
  3508 | D:4      | Found a glowing silver altar of Zin.
  3616 | D:5      | Entered Level 5 of the Dungeon
  3786 | D:5      | Gained mutation: You have razor-sharp teeth. [Vine Stalker
                  | growth]
  3786 | D:5      | Reached XP level 8. HP: 40/44 MP: 7/9
  3875 | D:5      | Found Gaobalal's Assorted Antiques.
  4109 | D:5      | Reached skill level 5 in Shields
  4379 | D:6      | Noticed Menkaure
  4388 | D:6      | Killed Menkaure
  4388 | D:6      | Reached skill level 6 in Axes
  4489 | D:6      | Noticed Edmund
  4500 | D:6      | Killed Edmund
  4500 | D:6      | Reached skill level 1 in Dodging
  4644 | D:5      | Bought a bloodstained war axe for 280 gold pieces
  4644 | D:5      | Identified the +5 war axe of War {chop, rF- rC+++ Dex-4
                  | SInv} (You bought it in a shop on level 5 of the Dungeon)
  4769 | D:6      | Found a runed translucent door.
  4770 | D:6      | Noticed Crazy Yiuf
  5145 | D:6      | Killed Crazy Yiuf
  5178 | D:7      | Reached XP level 9. HP: 50/50 MP: 10/10
  5196 | D:7      | Found a staircase to the Ecumenical Temple.
  5217 | Temple   | Entered the Ecumenical Temple
  5227 | Temple   | Became a worshipper of Warmaster Okawaru
  5295 | D:7      | Reached skill level 7 in Axes
  5410 | D:7      | Found a runed translucent gate.
  5410 | D:7      | Found a runed translucent gate.
  5410 | D:7      | Found a runed translucent gate.
  5411 | D:7      | Noticed DungeonDestroyer's ghost (novice MiFi)
  5411 | D:7      | Noticed a kobold demonologist
  5411 | D:7      | Identified the +8 dagger of Waffuwu {chaos, rN+ Str+3
                  | Int+4}
  5470 | D:7      | Reached skill level 5 in Fighting
  5817 | D:7      | Reached * piety under Okawaru
  6034 | D:8      | Reached skill level 8 in Axes
  6195 | D:8      | Reached XP level 10. HP: 56/56 MP: 11/11
  6201 | D:8      | Reached ** piety under Okawaru
  6227 | D:8      | Found a hide-covered altar of Uskayaw.
  6293 | D:8      | Noticed Gastronok
  6405 | D:8      | Killed Gastronok
  6405 | D:8      | Reached *** piety under Okawaru
  6405 | D:8      | Reached skill level 9 in Axes
  6460 | D:8      | Found Reromaiwk's Distillery.
  6664 | D:8      | Reached **** piety under Okawaru
  6960 | D:9      | Reached skill level 10 in Axes
  7085 | D:9      | Found a basalt altar of Yredelemnul.
  7175 | D:9      | Found Weumeg's Book Emporium.
  7243 | D:9      | Reached XP level 11. HP: 63/63 MP: 12/12
  7255 | D:9      | Reached skill level 5 in Armour
  7395 | D:9      | Reached ***** piety under Okawaru
  7503 | D:9      | Found a bloodstained altar of Trog.
  7503 | D:9      | Found a blossoming altar of Fedhas.
  7508 | D:9      | Found a burning altar of Makhleb.
  7510 | D:9      | Found a shattered altar of Ashenzari.
  7511 | D:9      | Found a faded altar of an unknown god.
  7663 | D:10     | Entered Level 10 of the Dungeon
  8007 | D:10     | Reached skill level 11 in Axes
  8045 | D:10     | Found a staircase to the Lair.
  8247 | D:10     | Noticed a six-headed hydra
  8256 | D:10     | Identified the cursed +0 great sword "Ytyekatta" {venom,
                  | +Rage MP+9}
  8256 | D:10     | Identified the +1 robe of Boniq {rN+ Str+2}
  8256 | D:10     | Noticed an ogre mage
  8534 | D:10     | Received a gift from Okawaru
  8554 | D:10     | Killed an ogre mage
  8597 | D:10     | Found a runed translucent door.
  8682 | D:10     | HP: 1/63 [efreet/bolt of fire (13)]
  8980 | D:10     | Noticed an anaconda
  8980 | D:10     | a slime creature changed into an anaconda
  8991 | D:10     | Killed an anaconda
  8991 | D:10     | Reached skill level 1 in Maces & Flails
  8991 | D:10     | Reached skill level 1 in Stealth
  9025 | D:10     | Reached skill level 1 in Evocations
  9155 | D:10     | Killed a six-headed hydra
  9339 | D:10     | Gained mutation: You heal very quickly. [Vine Stalker
                  | growth]
  9339 | D:10     | Reached XP level 12. HP: 67/69 MP: 13/13
  9357 | D:10     | Received a gift from Okawaru
  9438 | Lair:1   | Entered Level 1 of the Lair of Beasts
  9661 | Lair:1   | Reached skill level 12 in Axes
  9962 | Lair:1   | Reached ****** piety under Okawaru
 10041 | Lair:1   | Found the +8 whip "Snakebite" {curare, rPois}
 10476 | Lair:2   | Noticed a four-headed hydra
 10484 | Lair:2   | Killed a four-headed hydra
 10540 | Lair:2   | Reached skill level 1 in Invocations
 10793 | Lair:2   | Reached skill level 10 in Shields
 10800 | Lair:2   | Received a gift from Okawaru
 10933 | Lair:3   | Reached XP level 13. HP: 74/74 MP: 14/14
 11211 | Lair:3   | Found a hole to the Spider Nest.
 11289 | Lair:3   | Reached skill level 13 in Axes
 11745 | Lair:3   | Found a staircase to the Swamp.
 11974 | Lair:4   | Found a dark tunnel.
 11980 | Lair:4   | Noticed Sonja
 11992 | Lair:4   | Killed Sonja
 12023 | Lair:4   | Found a transporter.
 12139 | Volcano  | Entered a volcano
 12377 | Volcano  | Noticed a fire dragon
 12393 | Volcano  | Killed a fire dragon
 12589 | Lair:4   | Noticed Urug
 12606 | Lair:4   | Killed Urug
 12606 | Lair:4   | Reached XP level 14. HP: 82/82 MP: 16/16
 12818 | Lair:4   | Found a transporter.
 12892 | Lair:4   | Received a gift from Okawaru
 12893 | Lair:4   | Found the +8 storm bow {elec}
 14042 | Lair:5   | Noticed Rupert
 14055 | Lair:5   | Killed Rupert
 14464 | Lair:6   | Entered Level 6 of the Lair of Beasts
 14475 | Lair:6   | Reached skill level 14 in Axes
 14621 | Lair:6   | Found a staircase to the Slime Pits.
 14785 | Lair:6   | Noticed an entropy weaver
 14800 | Lair:6   | Noticed an entropy weaver
 14805 | Lair:6   | Killed an entropy weaver
 14833 | Lair:6   | HP: 4/82 [yak (5)]
 14833 | Lair:6   | Mangled by a black mamba

Skill      XL: |  1  2  3  4  5  6  7  8  9 10 11 12 13 14 |
---------------+-------------------------------------------+-----
Axes           | 2 3 4 5 6 8 10 11 12 13 14 | 14.1
Shields        | 3 4 5 6 7 9 10 11 12 | 12.2
Fighting       | 3 4 5 6 7 8 9 |  9.5
Armour         | 3 4 6 7 |  7.6
Dodging        | 1 2 3 |  3.2
Maces & Flails | 1 3 4 |  4.1
Stealth        | 1 2 |  2.0
Evocations     | 1 |  1.2
Invocations    | 1 2 |  2.6

Action                   |  1- 3 |  4- 6 |  7- 9 | 10-12 | 13-15 || total
-------------------------+-------+-------+-------+-------+-------++-------
Melee: War axe           |    78 |   121 |   281 |   486 |   414 ||  1380
       Bite              |    16 |    22 |    73 |   155 |   209 ||   475
       Kick              |       |    18 |    82 |    64 |       ||   164
       Flail             |       |       |       |    62 |    24 ||    86
       Hand axe          |       |       |       |    23 |   140 ||   163
       Broad axe         |       |       |       |    12 |       ||    12
Invok: Heroism           |       |       |       |    10 |    15 ||    25
       Finesse           |       |       |       |       |     2 ||     2
Evoke: Wand              |       |     4 |     1 |     1 |     9 ||    15
  Use: Scroll            |     6 |     3 |     3 |    18 |     7 ||    37
       Potion            |       |     2 |       |       |     1 ||     3
  Eat: Chunk             |       |    13 |     9 |    15 |     9 ||    46
       Ration            |       |       |       |     2 |       ||     2
Armor: Scale mail        |    33 |       |       |       |       ||    33
       Chain mail        |     6 |    72 |   101 |   209 |    94 ||   482
       Fire dragon scale |       |       |       |       |    87 ||    87
Dodge: Dodged            |    29 |    33 |    75 |   125 |   128 ||   390
       Deflected         |       |       |     2 |     1 |     5 ||     8
Block: Shield            |    46 |    92 |   207 |   458 |   583 ||  1386
